 Dungeon Crawl Stone Soup version 0.27.1-4-g1640c2035a (webtiles) character file.

Game seed: 4749587159889743661

2907 styxcanada the Covert (level 9, -1/45 HPs)
             Began as a Spriggan Brigand on Nov 1, 2021.
             Killed by divine providence
             ... invoked by an orc priest
              (11 damage)
             ... on level 7 of the Dungeon.
             The game lasted 00:42:09 (10361 turns).

styxcanada the Covert (Spriggan Brigand)           Turns: 10361, Time: 00:42:09

Health: -1/45      AC: 16    Str:  7    XL:     9   Next: 49%
Magic:  8/16       EV: 30    Int: 13    God:
Gold:   392        SH:  0    Dex: 19    Spells: 9/16 levels left

rFire    . . .     SeeInvis +   i - +1 dagger (protect)
rCold    . . .     Faith    .   (shield restricted)
rNeg     . . .     Spirit   .   A - +0 swamp dragon scales
rPois    +         Reflect  .   (helmet restricted)
rElec    .         Harm     .   c - +1 cloak
rCorr    .         Rampage  .   (gloves unavailable)
Will     +....                  (boots unavailable)
Stlth    ++++......             (no amulet)
HPRegen  0.15/turn              r - +4 ring of evasion
MPRegen  0.15/turn              l - ring of the Hare {EV+8}

@: under a protective aura, very quick
A: very small, no large weapons, unfitting armour, see invisible, speed 3
a: no special abilities


You were on level 7 of the Dungeon.
You visited 2 branches of the dungeon, and saw 8 of its levels.

You collected 392 gold pieces.

Inventory:

Hand Weapons
 a - a +2 dagger
 i - a +1 dagger of protection (weapon)
 y - a +0 hunting sling
Missiles
 d - 33 poisoned darts (quivered)
 f - 288 stones
 p - 83 sling bullets
 q - 3 boomerangs
 u - a curare-tipped dart
Armour
 b - a +0 robe
 c - a +1 cloak (worn)
 A - +0 swamp dragon scales (worn)
Jewellery
 h - a ring of protection from fire
 l - the ring of the Hare (right hand) {EV+8}
   (You found it on level 4 of the Dungeon)

   [ring of evasion]

   EV:        It affects your evasion (+8).
 r - a +4 ring of evasion (left hand)
 w - a +4 ring of protection
Scrolls
 k - 2 scrolls of fog
 v - a scroll of fear
 x - 2 scrolls of amnesia
Potions
 e - 2 potions of mutation
 g - a potion of curing
 j - 2 potions of brilliance
 n - 2 potions of haste
 o - a potion of lignification {unknown}
 s - a potion of attraction {unknown}
 t - a potion of berserk rage {unknown}
 z - a potion of magic {unknown}


   Skills:
 * Level 4.1 Fighting
 + Level 5.1 Short Blades
 + Level 4.1 Throwing
 * Level 0.5 Armour
 * Level 7.8 Dodging
 * Level 11.5 Stealth
 * Level 4.3 Spellcasting
 * Level 4.0 Hexes
 * Level 2.7 Ice Magic


You had 9 spell levels left.
You knew the following spells:

 Your Spells              Type           Power      Damage    Failure   Level
a - Ensorcelled Hibernat  Hex/Ice        22%        N/A       26%         2
b - Slow                  Hex            13%        N/A       21%         2
c - Confusing Touch       Hex            13%        N/A       36%         3

Your spell library contained the following spells:

 Spells                   Type           Power      Damage    Failure   Level
 Spider Form              Tmut/Pois      1%         N/A       90%         3
 Yara's Violent Unravell  Hex/Tmut       4%         3d4       100%        5
 Shadow Creatures         Summ           N/A        N/A       100%        6


Dungeon Overview and Level Annotations

Branches:
Dungeon (7/15)             Temple (1/1) D:4

Altars:
Cheibriados
Dithmenos
Elyvilon
Fedhas
Hepliaklqana
Kikubaaqudgha
Nemelex Xobeh
Okawaru
Qazlal
Sif Muna
Trog
Uskayaw
Vehumet
Wu Jian
Yredelemnul
Zin

Shops:
D:6 (

Annotations:
D:4 2 runed translucent doors


Innate Abilities, Weirdness & Mutations

You are very small and have problems with some larger weapons.
You are too small for most types of armour.
You have supernaturally acute eyesight. (SInv)
You cover ground extremely quickly. (Speed+++)


Message History

The orc priest invokes the aid of Beogh against you.
Beogh smites you!
You hit the orc priest.
The orc priest is moderately wounded.
You hit the orc priest.
The orc priest is heavily wounded.
The orc priest hits you but does no damage.
The orc priest mumbles some strange prayers to Beogh against you.
Beogh smites you!
Okay, then.
Okay, then.
You feel much better.
The orc priest shouts!
The orc priest looks encouraged for a moment.
The orc priest shouts!
The orc priest completely misses you. The orc priest completely misses you.
Throw: 34 darts (poison)
Press: ? - help, Q - select action, (/) - cycle Shift-Dir - straight line, f/p - orc priest
Aim: an orc priest, wielding a +0 whip (heavily wounded, 65% to hit)
You throw a poisoned dart.
The poisoned dart closely misses the orc priest.
The poisoned dart hits the orc priest!
The orc priest is poisoned.
You hit the orc priest.
Your weapon exudes an aura of protection.
The orc priest is severely wounded.
The orc priest calls down the wrath of Beogh upon you.
Beogh smites you!
You hit the orc priest.
The orc priest is almost dead.
The orc priest invokes the aid of Beogh against you.
Beogh smites you!
* * * LOW HITPOINT WARNING * * *
The orc priest mumbles some strange prayers to Beogh against you.
Beogh smites you!
* * * LOW HITPOINT WARNING * * *
You feel better.
The orc priest mumbles some strange prayers to Beogh against you.
Beogh smites you!
You die...

... #..###.##
#.## #.## ##.##
#..###.# #...
#....## #.###
### #....## #.
###.###.....# .#
#...)o...##.....
##..##..## ###.#
# ##@###.# ##.#
## #.##o(# # #.
##.#.oo## #.
#..o##..# ##
##.##...# #
#.##..### ##
#.## ##


You could see an orc priest.

Vanquished Creatures
  Maggie (D:7)
  Grinder (D:3)
  A wyvern (D:7)
  3 sky beasts
  An ice beast (D:6)
  An orc warrior (D:7)
  A black bear (D:3)
  A hornet zombie (D:7)
  A necrophage (D:4)
  5 ogres
  A centaur (D:6)
  A kobold brigand (D:5)
  2 bullfrogs
  A scorpion (D:4)
  Blork the orc (D:5)
  A wyvern skeleton (D:7)
  A centaur zombie (D:4)
  4 hounds
  2 jellies (D:6)
  2 bullfrog skeletons (D:5)
  5 orc wizards
  2 howler monkey zombies (D:6)
  11 adders
  5 gnolls
  A shadow imp (D:4)
  A white imp (D:7)
  An ufetubus (D:7)
  An adder zombie (D:4)
  4 dart slugs
  24 orcs
  5 endoplasms
  3 giant cockroaches
  8 goblins
  6 hobgoblins
  8 jackals
  2 quokkas
  15 ball pythons
  7 bats
  A frilled lizard (D:2)
  14 kobolds
  9 rats
165 creatures vanquished.

Vanquished Creatures (others)
  A kobold (D:5)
  2 plants (D:2)
3 creatures vanquished.

Grand Total: 168 creatures vanquished

Notes
Turn   | Place    | Note
-------+----------+-------------------------------------------
     0 | D:1      | styxcanada the Spriggan Brigand began the quest for the
                  | Orb.
     0 | D:1      | Reached XP level 1. HP: 10/10 MP: 2/2
    42 | D:1      | Reached skill level 6 in Stealth
   337 | D:1      | Reached XP level 2. HP: 11/14 MP: 3/3
   782 | D:1      | Found a faded altar of an unknown god.
   926 | D:1      | Reached skill level 7 in Stealth
   926 | D:1      | Reached XP level 3. HP: 15/18 MP: 4/4
  2344 | D:3      | Reached XP level 4. HP: 23/23 MP: 5/5
  2402 | D:3      | Noticed an ogre
  2442 | D:3      | Killed an ogre
  2443 | D:3      | Reached skill level 8 in Stealth
  2443 | D:3      | Reached XP level 5. HP: 26/26 MP: 6/6
  2532 | D:3      | Found a snail-covered altar of Cheibriados.
  3497 | D:3      | Found a hazy altar of Hepliaklqana.
  3605 | D:3      | Noticed Grinder
  3618 | D:3      | Noticed a black bear
  3979 | D:3      | Killed a black bear
  3980 | D:3      | Reached skill level 9 in Stealth
  3980 | D:3      | Reached XP level 6. HP: 6/31 MP: 7/7
  4288 | D:3      | Paralysed by Grinder for 4 turns
  4301 | D:3      | Killed Grinder
  4717 | D:4      | Reached XP level 7. HP: 35/35 MP: 8/8
  4741 | D:4      | Learned a level 2 spell: Ensorcelled Hibernation
  4934 | D:4      | Found a staircase to the Ecumenical Temple.
  4945 | Temple   | Entered the Ecumenical Temple
  5405 | D:4      | Found a large runed translucent door.
  5405 | D:4      | Found a large runed translucent door.
  5407 | D:4      | Found the ring of the Hare {EV+8}
  5412 | D:4      | Found a large runed translucent door.
  5412 | D:4      | Found a large runed translucent door.
  5532 | D:4      | Reached skill level 1 in Hexes
  5735 | D:4      | Reached skill level 1 in Spellcasting
  5844 | D:4      | Reached skill level 5 in Dodging
  5844 | D:4      | Reached skill level 10 in Stealth
  6264 | D:4      | Reached skill level 1 in Ice Magic
  6353 | D:4      | Identified the +7 glaive of Past Mistakes {spect, rC- rN+++
                  | Str-5}
  6669 | D:5      | Entered Level 5 of the Dungeon
  6669 | D:5      | Noticed Blork the orc
  6671 | D:5      | Reached XP level 8. HP: 39/39 MP: 11/11
  6705 | D:5      | Killed Blork the orc
  6933 | D:5      | Found a hide-covered altar of Uskayaw.
  8566 | D:6      | Learned a level 2 spell: Slow
  8570 | D:6      | Learned a level 3 spell: Confusing Touch
  8767 | D:6      | Found Citeo's Weapon Shop.
  9160 | D:6      | Reached skill level 11 in Stealth
  9160 | D:6      | Reached XP level 9. HP: 44/44 MP: 11/14
  9412 | D:6      | Found an iron altar of Okawaru.
 10044 | D:7      | Noticed Maggie
 10048 | D:7      | Killed Maggie
 10049 | D:7      | Reached skill level 5 in Short Blades
 10361 | D:7      | Killed from afar by an orc priest

Illustrated notes

Levels and vault maps discovered:
D:1:      ncdulo_watergridlock, layout_basic,
          dreamdust_ecumenical_altar_angels_and_demons,
          chequers_decorated_corner
D:2:      layout_loops_cross, serial_rivers, chequers_serial_rivers_large_b,
          chequers_serial_rivers_small_b, chequers_serial_rivers_small_a,
          chequers_serial_rivers_micro_e, chequers_serial_rivers_micro_b,
          minmay_shallow_snake_nest
D:3:      kennysheep_six_static_rooms, layout_basic,
          mainiacjoe_overflow_24_doors, nicolae_hepliaklqana_hippocampus,
          uniq_grinder
D:4:      layout_basic, minmay_temple_entry_ruins, minmay_hollow_rounded_squares
D:5:      layout_layer_cave, mainiacjoe_overflow_brackets,
          kennysheep_generic_room_12, uniq_blork_the_orc
D:6:      layout_basic, mainiacjoe_overflow_alcove_4, nicolae_stop_n_shop_2
D:7:      layout_layer_cave, mainiacjoe_overflow_catwalk, uniq_maggie
Temple:   minmay_temple_bridge_abc

Skill      XL: |  1  2  3  4  5  6  7  8  9 |
---------------+----------------------------+-----
Stealth        | 6 7 8 9 10 11 | 11.5
Dodging        | 2 3 4 5 7 |  7.8
Fighting       | 2 3 4 |  4.1
Short Blades   | 3 4 5 |  5.1
Throwing       | 3 4 |  4.1
Hexes          | 1 3 4 |  4.0
Spellcasting   | 1 3 4 |  4.3
Ice Magic      | 1 2 |  2.7
Armour         | |  0.5

Action                   |  1- 3 |  4- 6 |  7- 9 || total
-------------------------+-------+-------+-------++-------
Melee: Dagger            |   190 |   123 |   653 ||   966
Throw: Dart              |     4 |    49 |    55 ||   108
       Stone             |       |     3 |    11 ||    14
       Boomerang         |       |       |    22 ||    22
 Cast: Ensorcelled Hiber |       |       |    27 ||    27
       Slow              |       |       |     1 ||     1
       Confusing Touch   |       |       |     1 ||     1
  Use: Scroll            |       |     6 |     9 ||    15
       Potion            |       |     1 |     2 ||     3
 Stab: Sleeping          |    18 |    10 |    25 ||    53
       Distracted        |     1 |       |       ||     1
       Confused          |       |       |     2 ||     2
Armor: Robe              |    29 |    21 |    57 ||   107
       Swamp dragon scal |       |       |     1 ||     1
Dodge: Dodged            |   139 |   109 |   522 ||   770
